 Dungeon Crawl Stone Soup version 0.31-a0-152-g6aa68a64a1 (webtiles) character file.

Game seed: 2945858404502745099

138371 Anon1729 the Covert (level 17, -2/104 HPs)
             Began as an Octopode Monk on June 9, 2023.
             Was the Champion of Hepliaklqana.
             Slain by a caustic shrike simulacrum (12 damage)
             ... in an ice cave.
             The game lasted 02:22:11 (37032 turns).

Anon1729 the Covert (Octopode Monk)                Turns: 37032, Time: 02:22:11

Health: -2/104     AC:  6    Str: 12    XL:     17   Next: 26%
Magic:  8/29       EV: 20    Int: 18    God:    Hepliaklqana [******]
Gold:   1532       SH:  5    Dex: 15    Spells: 1/33 levels left

rFire   + .          .
                       - Unarmed
rCold   + . .        c - orb {light}
rNeg    + . .        z - +1 hat
rPois   +            W - amulet "Isuraur" {Reflect rCorr SH+5}
rElec   .            f - +5 ring of evasion
rCorr   +            o - ring of poison resistance
SInv    +            E - ring of positive energy
Will    +....        A - ring of protection from fire
Stlth   +++          G - ring of protection from cold
HPRegen 0.37/turn    l - +4 ring of protection
MPRegen 0.21/turn    J - ring of see invisible
                     U - ring of the Mage {Wiz Archmagi}

%: reflection, wizardry (x1), archmagi
@: forested, stuck, very slightly contaminated, glowing, constricted
A: reduced essence, almost no armour, amphibious, 8 rings, camouflage 1,
gelatinous body 1, (nimble swimmer 1), tentacles
a: Renounce Religion, Recall Ancestor, Ancestor Identity, Transference, Idealise


You were in an ice cave.
You worshipped Hepliaklqana.
Hepliaklqana was exalted by your worship.
You visited 5 branches of the dungeon, and saw 25 of its levels.
You also visited: Gauntlet and Ice Cave.

You collected 2450 gold pieces.
You spent 918 gold pieces at shops.

Inventory:

Hand Weapons
 P - a +9 quick blade of electrocution
Missiles
 g - 4 throwing nets
 y - 22 poisoned darts (quivered)
Armour
 c - an orb of light (worn)
 z - a +1 hat (worn)
Magical Staves
 Y - a staff of air
Jewellery
 f - a +5 ring of evasion (left tentacle)
 l - a +4 ring of protection (on tentacle)
 o - a ring of poison resistance (right tentacle)
 x - an amulet of the acrobat
 A - a ring of protection from fire (on tentacle)
 E - a ring of positive energy (on tentacle)
 G - a ring of protection from cold (on tentacle)
 J - a ring of see invisible (on tentacle)
 K - a +6 ring of strength
 M - a ring of willpower
 N - an amulet of magic regeneration
 Q - the ring "Camukler" {Fly rF- rCorr Str+6}
   (You found it in a Gauntlet)

   [ring of flight]

   Str:       It affects your strength (+6).
   rF:        It makes you vulnerable to fire.
   Fly:       It grants you flight.
   rCorr:     It protects you from acid and corrosion.
 U - the ring of the Mage (on tentacle) {Wiz Archmagi}
   (You found it on level 4 of the Lair of Beasts)

   [ring of wizardry]

   It improves your spell success rate.
   Archmagi:  It increases the power of your magical spells.
 W - the amulet "Isuraur" (around mantle) {Reflect rCorr SH+5}
   (You found it on level 5 of the Lair of Beasts)

   [amulet of reflection]

   It reflects blocked missile attacks.
   rCorr:     It protects you from acid and corrosion.
   SH:        It affects your SH (+5).
Wands
 e - a wand of flame (40)
 n - a wand of charming (21)
 D - a wand of polymorph (2)
 L - a wand of quicksilver (19)
 R - a wand of mindburst (13)
Scrolls
 d - 5 scrolls of poison
 k - 5 scrolls of enchant armour
 p - 3 scrolls of torment
 q - 4 scrolls of enchant weapon
 t - a scroll of brand weapon
 u - 2 scrolls of amnesia
 v - 8 scrolls of teleportation
 B - 3 scrolls of vulnerability
 F - 5 scrolls of magic mapping
 S - 3 scrolls of fog
 V - 5 scrolls of immolation
 Z - 3 scrolls of identify
Potions
 a - a potion of haste
 b - a potion of enlightenment
 h - 7 potions of might
 i - a potion of berserk rage
 j - 3 potions of lignification
 m - 2 potions of heal wounds
 r - 8 potions of curing
 s - 2 potions of invisibility
 w - 5 potions of attraction
 C - a potion of magic
 H - 2 potions of cancellation
 I - 3 potions of resistance
 O - 3 potions of brilliance
 X - a potion of mutation


   Skills:
 + Level 10.7 Fighting
 + Level 2.2 Short Blades
 + Level 10.3 Dodging
 + Level 13.9 Stealth
 + Level 10.3 Unarmed Combat
 + Level 8.8 Spellcasting
 + Level 13.1 Summonings
 + Level 7.9 Translocations
 + Level 0.8 Transmutations
 - Level 9.5 Ice Magic
 + Level 10.6 Invocations
 + Level 10.3 Evocations


You had one spell level left.
You knew the following spells:

 Your Spells              Type           Power      Damage    Failure   Level
a - Summon Small Mammal   Summ           100%       N/A       1%          1
b - Frozen Ramparts       Ice            100%       1d16      1%          3
c - Summon Ice Beast      Ice/Summ       64%        N/A       1%          4
d - Call Canine Familiar  Summ           70%        N/A       1%          3
e - Summon Forest         Summ/Tloc      31%        N/A       1%          5
f - Summon Cactus Giant   Summ           35%        N/A       2%          6
g - Malign Gateway        Summ/Tloc      31%        N/A       38%         7
h - Vhi's Electric Charg  Tloc/Air       66%        N/A       2%          3

Your spell library contained the following spells:

 Spells                   Type           Power      Damage    Failure   Level
 Magic Dart               Conj           44%        1d5       3%          1
 Sting                    Tmut/Pois      56%        1d5       3%          1
 Call Imp                 Summ           100%       N/A       1%          2
 Lesser Beckoning         Tloc           100%       N/A       1%          2
 Gell's Gravitas          Tloc           53%        N/A       1%          3
 Summon Guardian Golem    Hex/Summ       47%        N/A       1%          3
 Teleport Other           Tloc           53%        N/A       1%          3
 Summon Lightning Spire   Summ/Air       47%        N/A       2%          4
 Wereblood                Tmut           16%        N/A       4%          2
 Ice Form                 Ice/Tmut       40%        N/A       4%          4
 Poisonous Vapours        Pois/Air       22%        N/A       6%          2
 Searing Ray              Conj           22%        2d5       6%          2
 Static Discharge         Conj/Air       22%        2-3/arc   6%          2
 Sublimation of Blood     Necr           11%        N/A       6%          2
 Summon Mana Viper        Hex/Summ       47%        N/A       7%          5
 Mephitic Cloud           Conj/Pois/Air  11%        N/A       11%         3
 Summon Hydra             Summ           35%        N/A       14%         7
 Petrify                  Tmut/Erth      14%        N/A       28%         4
 Airstrike                Air            5%         2d(1-17)  32%         4
 Animate Dead             Necr           11%        N/A       32%         4
 Cause Fear               Hex            5%         N/A       32%         4
 Fulminant Prism          Conj/Hex       5%         3d6       32%         4
 Olgreb's Toxic Radiance  Pois           11%        N/A       32%         4
 Irradiate                Conj/Tmut      7%         3d14      61%         5
 Arcjolt                  Conj/Air       5%         1d15      65%         5
 Summon Horrible Things   Summ           35%        N/A       69%         8
 Haunt                    Necr/Summ      23%        N/A       87%         7
 Conjure Ball Lightning   Conj/Air       5%         3x3d6     99%         6
 Starburst                Conj/Fire      5%         6d4       99%         6
 Dragon Form              Tmut           8%         N/A       100%        7
 Infestation              Necr           5%         N/A       100%        8
 Maxwell's Capacitive Co  Air            5%         ∞         100%        8
 Dragon's Call            Summ           35%        N/A       100%        9


Dungeon Overview and Level Annotations

Branches:
Dungeon (15/15)            Temple (1/1) D:5            Lair (5/5) D:11
 Shoals (0/4) Lair:2       Spider (2/4) Lair:3        Slime (0/5) Lair:5
    Orc (2/2) D:9             Elf (0/3) Orc:2        Vaults (0/5) D:14
 Depths (0/4) D:15          IceCv (1/1)             Gauntlet (visited)

Altars:
Ashenzari
Cheibriados
Dithmenos
Elyvilon
Fedhas
Gozag
Hepliaklqana
Kikubaaqudgha
Makhleb
Nemelex Xobeh
Okawaru
Qazlal
Ru
Sif Muna
Trog
Uskayaw
Vehumet
Wu Jian
Xom
Yredelemnul
Zin
The Shining One
Jiyva
Lugonu

Shops:
D:5 [*   D:7 ==[(   D:15 [   Orc:2 :![(

Portals:
Abyss: Lair:5

Annotations:
D:1 exclusions: 2 downstairs and 1 more exclusion
D:3 1 runed translucent door, Crazy Yiuf
D:4 exclusion: downstairs
D:10 1 runed translucent door, exclusion: door
D:13 1 runed translucent door, Erutecwi's ghost, journeyman GrEE
Orc:1 exclusion: downstairs


Innate Abilities, Weirdness & Mutations

Your life essence is reduced to manifest your ancestor. (-10% HP)
You cannot wear most types of armour.
You are amphibious.
You can wear up to eight rings at the same time.
Your skin changes colour to match your surroundings (Stealth+).
Your rubbery body absorbs attacks. (AC +1, EV +1)
((You are camouflaged when in or above water. (Stealth+)))
You have tentacles for arms and can constrict up to eight enemies at once.


Message History

Casting: Summon Forest (dangerous; 1% risk of failure)
Confirm with . or Enter, or press ? or * to list all spells.
The spell is quite dangerous to miscast (38% risk of failure)!
Continue anyway?
You feel a surge of power!
You miscast Malign Gateway.
You are very lightly contaminated with residual magic.
You feel a wrenching sensation.
You are magically locked in place.
Casting: Malign Gateway (quite dangerous; 38% risk of failure)
Confirm with . or Enter, or press ? or * to list all spells.
You feel a surge of power! The anaconda simulacrum grabs you.
The anaconda simulacrum closely misses you.
The anaconda simulacrum constricts you.
Unknown command.
Aiming: Quicksilver Bolt
Press: ? - help, Shift-Dir - straight line, f - anaconda simulacrum
Aim: an anaconda simulacrum (lightly damaged, constricting you, ally target, haloed, 81% to hit)
The bolt of dispelling energy hits the anaconda simulacrum!!
The anaconda simulacrum is severely damaged.
The bolt of dispelling energy hits the caustic shrike simulacrum!!
The caustic shrike simulacrum is heavily damaged.
The anaconda simulacrum closely misses you.
The anaconda simulacrum constricts you.
You block the anaconda simulacrum's attack.
The anaconda simulacrum constricts you.
Aiming: Quicksilver Bolt
Press: ? - help, Shift-Dir - straight line, f - caustic shrike simulacrum, p - anaconda simulacrum
Aim: a caustic shrike simulacrum (heavily damaged, haloed, 76% to hit)
The bolt of dispelling energy hits the caustic shrike simulacrum!!
The caustic shrike simulacrum is almost destroyed.
The caustic shrike simulacrum claws you!
The caustic shrike simulacrum freezes you!!
You resist. The anaconda simulacrum bites you.
The anaconda simulacrum freezes you! You resist.
* * * LOW HITPOINT WARNING * * *
The anaconda simulacrum constricts you.
* * * LOW HITPOINT WARNING * * *
The caustic shrike simulacrum claws you!
* * * LOW HITPOINT WARNING * * *
The caustic shrike simulacrum freezes you!
You resist.
You die...

♣###.#♣♣♣
♣[$..[♣(♣
#).....$#
♣).....|♣
#.......#
♣.......#
#..ZZ.#
♣.@♣#
##C♣#
#♣...##
##♣....##
#...∩...♣
♣.......♣
♣.......♣
♣...∩...#
#.......#


You could see an anaconda simulacrum (ally target), a caustic shrike simulacrum
and a friendly cactus giant (summoned).

Vanquished Creatures
  A ghost moth (Lair:3)
  A stone giant (D:15)
  A minotaur (Gauntlet)
  9 nameless horrors
  A death yak (Lair:5)
  A boulder beetle (D:11)
  A two-headed ogre (D:11)
  An orc high priest (Orc:2)
  A lindwurm (D:13)
  A deep elf pyromancer (D:13)
  3 orc knights
  An orc sorcerer (Orc:1)
  A wolf spider (shapeshifter) (D:15)
  A cyclops (shapeshifter) (D:14)
  An elephant (D:11)
  2 smoke demons (Lair:5)
  A large abomination (Lair:5)
  3 cane toads
  2 unseen horrors
  4 rime drakes
  An anaconda simulacrum (IceCv)
  A komodo dragon (Lair:1)
  3 trolls
  12 blink frogs
  A dream sheep (Lair:3)
  2 jumping spiders
  Sigmund (D:5)
  A spriggan (Lair:5)
  A wraith (D:13)
  2 wyverns
  15 yaks
  7 redbacks
  A human (D:11)
  Eustachio (D:5)
  5 vampire mosquitoes
  8 basilisks
  2 acid dragons
  8 water moccasins
  Duvessa (D:7)
  A black bear (D:11)
  12 orc warriors
  6 ogres
  6 wolves
  A phantom (D:5)
  A centaur (D:9)
  16 bullfrogs
  A scorpion (D:7)
  3 wights
  12 killer bees
  4 howler monkeys
  3 jellies
  5 hounds
  10 orc priests
  A small abomination (Lair:5)
  A gnoll bouda (D:4)
  Ijyb (D:5)
  2 sleepcaps (D:5)
  2 iguanas
  10 orc wizards
  Robin (D:2)
  14 gnolls
  11 adders
  A shadow imp (D:5)
  A white imp (D:4)
  An ufetubus (D:7)
  An adder zombie (D:2)
  An adder skeleton (D:2)
  4 worms
  A dart slug (D:4)
  30 orcs
  5 bats
  4 endoplasms
  A giant cockroach (D:4)
  17 goblins
  8 hobgoblins
  5 jackals
  2 quokkas
  6 ball pythons
  2 ball python zombies (D:2)
  4 frilled lizards
  A giant cockroach zombie (D:2)
  A jackal skeleton (D:2)
  2 kobolds
  4 rats
336 creatures vanquished.

Vanquished Creatures (collateral kills)
  Saint Roka (Orc:2)
  The ghost of Ogass the Earth Mage, a journeyman GrEE of Gozag (D:14)
  2 broodmothers (Spider:1)
  A green death (Gauntlet)
  2 ettins
  An entropy weaver (Spider:1)
  Fannar (Orc:1)
  A vault guard (D:14)
  A catoblepas (D:14)
  A radroach (Spider:1)
  2 caustic shrike simulacra (IceCv)
  8 hydras
  A centaur warrior (D:13)
  6 two-headed ogres
  8 boulder beetles
  A deep troll earth mage (D:15)
  5 death yaks (Lair:5)
  Urug (D:12)
  3 tengu warriors
  4 thrashing horrors
  2 demonic crawlers
  4 orc high priests (Orc:2)
  3 skysharks
  2 pharaoh ants
  A skyshark (shapeshifter) (D:15)
  A deep troll (D:14)
  3 orb spiders
  5 slime creatures (D:15)
  3 skeletal warriors (D:15)
  4 steelbarb worms
  10 orc knights
  A deep elf zephyrmancer (D:15)
  4 manticores
  An oklob plant (Lair:4)
  6 cyclopes
  22 ugly things
  6 wolf spiders
  3 nameless horrors
  A moth of wrath (D:9)
  A smoke demon (Lair:5)
  2 torpor snails
  A gargoyle (D:14)
  A cane toad (shapeshifter) (D:13)
  9 cane toads
  3 rime drakes
  Maggie (Lair:2)
  A rime drake (shapeshifter) (Lair:5)
  A freezing wraith (D:14)
  2 efreet (D:14)
  Psyche (D:12)
  5 komodo dragons
  2 tengu conjurers
  A golden dragon simulacrum (IceCv)
  4 anaconda simulacra (IceCv)
  2 ancient zymes (Lair:5)
  3 meliai (D:14)
  4 trolls
  2 polar bears
  6 tarantellas
  A hornet (D:14)
  A wind drake (Lair:2)
  16 blink frogs
  2 large abominations (Lair:5)
  11 dream sheep
  8 jumping spiders
  2 spriggans (D:14)
  4 culicivoras
  2 shadows
  2 ynoxinuls (Lair:5)
  5 wyverns
  2 wraiths
  52 yaks
  26 redbacks (Spider:1)
  6 basilisks
  7 vampire mosquitoes
  Menkaure (D:5)
  2 harpy simulacra (IceCv)
  An acid dragon (shapeshifter) (D:14)
  4 acid dragons
  2 hydra simulacra (IceCv)
  9 water moccasins
  An alligator simulacrum (IceCv)
  13 small abominations
  An ice beast (D:6)
  32 orc warriors
  A sky beast (D:6)
  3 black bears
  5 wolves
  A boggart (D:14)
  11 ogres
  2 kobold brigands
  A gnoll sergeant (D:9)
  5 bullfrogs
  A scorpion (Lair:2)
  5 wights
  Dowan (D:7)
  7 killer bees
  A lindwurm simulacrum (IceCv)
  An electric eel (Lair:4)
  2 howler monkeys
  2 jellies
  21 orc priests
  13 orc wizards
  8 gnolls
  53 orcs
  2 endoplasms (Lair:5)
  3 kobolds (D:10)
547 creatures vanquished.

Vanquished Creatures (others)
  4 eldritch tentacles
  An orc sorcerer (Orc:2)
  An ugly thing (D:12)
  A chaos spawn (Lair:5)
  A black bear (D:5)
  37 knights
  20 snaplasher vines
65 creatures vanquished.

Grand Total: 948 creatures vanquished

Notes
Turn   | Place    | Note
-------+----------+-------------------------------------------
     0 | D:1      | Anon1729 the Octopode Monk began the quest for the Orb.
     0 | D:1      | Reached XP level 1. HP: 16/16 MP: 1/1
   359 | D:1      | Reached skill level 1 in Stealth
   359 | D:1      | Reached XP level 2. HP: 21/21 MP: 2/2
   831 | D:1      | Reached XP level 3. HP: 26/26 MP: 3/3
  1057 | D:2      | Reached XP level 4. HP: 31/31 MP: 3/5
  1133 | D:2      | Reached skill level 1 in Spellcasting
  1133 | D:2      | Reached skill level 1 in Ice Magic
  1320 | D:2      | Reached XP level 5. HP: 36/36 MP: 6/6
  1353 | D:2      | Found a glowing silver altar of Zin.
  1664 | D:3      | Found a snail-covered altar of Cheibriados.
  1674 | D:3      | Found a faded altar of an unknown god.
  1856 | D:3      | Noticed Robin
  1873 | D:2      | Killed Robin
  1899 | D:3      | Reached XP level 6. HP: 40/43 MP: 8/8
  1918 | D:3      | Found a runed translucent door.
  1919 | D:3      | Noticed Crazy Yiuf
  2067 | D:3      | Reached skill level 1 in Evocations
  2857 | D:3      | Reached skill level 1 in Summonings
  3151 | D:4      | Found an iron altar of Okawaru.
  3239 | D:4      | Learned a level 1 spell: Summon Small Mammal
  3292 | D:4      | Reached XP level 7. HP: 48/48 MP: 9/9
  3729 | D:5      | Entered Level 5 of the Dungeon
  4052 | D:5      | Noticed Menkaure
  4411 | D:5      | Noticed Ijyb
  4423 | D:5      | Killed Ijyb
  4666 | D:5      | Learned a level 3 spell: Frozen Ramparts
  5075 | D:5      | Reached XP level 8. HP: 17/54 MP: 4/11
  5233 | D:5      | Found Woem's Antique Armour Shoppe.
  5237 | D:5      | Noticed Eustachio
  5264 | D:5      | Killed Eustachio
  5319 | D:5      | Found Ygysuaha's Gadget Gallery.
  5345 | D:5      | Found a staircase to the Ecumenical Temple.
  5359 | Temple   | Entered the Ecumenical Temple
  5548 | Temple   | Became a worshipper of Hepliaklqana the Forgotten
  5548 | Temple   | Reached * piety under Hepliaklqana
  5548 | Temple   | Reached ** piety under Hepliaklqana
  5549 | Temple   | Remembered your ancestor Ayize as a knight
  5677 | D:5      | Killed Menkaure
  5731 | D:5      | Noticed Sigmund
  5748 | D:5      | Killed Sigmund
  5749 | D:5      | Reached skill level 5 in Stealth
  5917 | D:6      | Reached skill level 5 in Fighting
  5983 | D:6      | Reached skill level 5 in Dodging
  5983 | D:6      | Reached XP level 9. HP: 54/54 MP: 13/13
  5997 | D:6      | Reached skill level 5 in Unarmed Combat
  6546 | D:7      | Found Wonuaj's Weapon Boutique.
  6553 | D:7      | Reached skill level 1 in Invocations
  6713 | D:7      | Noticed Duvessa
  6713 | D:7      | Noticed Dowan
  6728 | D:7      | Killed Duvessa
  6734 | D:7      | Killed Dowan
  6957 | D:7      | Reached skill level 5 in Summonings
  7097 | D:7      | Found Eheggimm's Armour Emporium.
  7587 | D:7      | Found Suoffai's Jewellery Boutique.
  7608 | D:7      | Reached *** piety under Hepliaklqana
  7650 | D:7      | Found Fifeyne's Jewellery Emporium.
  7686 | D:7      | Reached XP level 10. HP: 50/61 MP: 15/15
  8015 | D:8      | Noticed a boulder beetle
  8025 | D:8      | Killed a boulder beetle
  9014 | D:9      | Reached skill level 5 in Evocations
  9022 | D:9      | Reached skill level 5 in Ice Magic
  9094 | D:9      | Found a staircase to the Orcish Mines.
  9130 | D:9      | Reached skill level 5 in Invocations
  9285 | D:8      | Reached XP level 11. HP: 30/66 MP: 13/17
 10065 | D:9      | Noticed a two-headed ogre
 10072 | D:9      | Killed a two-headed ogre
 10291 | D:9      | Reached **** piety under Hepliaklqana
 10305 | D:9      | Noticed Erica
 10365 | D:9      | Erica changed into Erica the moth of wrath
 10365 | D:9      | Noticed Erica
 10376 | D:9      | Killed Erica the moth of wrath
 11228 | D:7      | Bought a +4 ring of protection for 468 gold pieces
 11305 | D:10     | Entered Level 10 of the Dungeon
 11359 | D:10     | Found an opulent altar of Gozag.
 11684 | D:10     | Noticed a two-headed ogre
 11741 | D:10     | Learned a level 4 spell: Summon Ice Beast
 11745 | D:10     | Learned a level 3 spell: Call Canine Familiar
 11776 | D:10     | Noticed a sixfirhy
 11778 | D:10     | Found a runed translucent door.
 11794 | D:10     | Got the Compilation of Blasting
 11861 | D:10     | Reached skill level 5 in Spellcasting
 12158 | D:11     | Noticed a green ugly thing
 12158 | D:11     | Noticed a cyclops
 12170 | D:10     | Killed a green ugly thing
 12317 | D:11     | Killed a cyclops
 12901 | D:11     | Found a staircase to the Lair.
 13115 | D:11     | Reached ***** piety under Hepliaklqana
 13173 | D:11     | Noticed a cyclops
 13183 | D:11     | Killed a cyclops
 13184 | D:11     | Reached XP level 12. HP: 72/72 MP: 11/19
 13236 | D:11     | Noticed a two-headed ogre
 13245 | D:11     | Killed a two-headed ogre
 13333 | D:11     | Noticed a two-headed ogre
 13341 | D:11     | Killed a two-headed ogre
 13508 | D:11     | Noticed a two-headed ogre
 13516 | D:11     | Killed a two-headed ogre
 13714 | D:12     | Noticed a boulder beetle
 13768 | D:11     | Killed a boulder beetle
 13866 | D:12     | Noticed a two-headed ogre
 13867 | D:12     | Noticed Urug
 14179 | D:12     | Killed a two-headed ogre
 14192 | D:12     | Noticed Psyche
 14198 | D:12     | Killed Psyche
 14199 | D:12     | Reached skill level 1 in Translocations
 14233 | D:12     | Killed Urug
 14318 | D:12     | Identified the +6 broad axe of Vagycam {freeze, Int+4}
 14378 | D:12     | Noticed Lodul
 14504 | D:12     | Lodul changed into Lodul the human
 14504 | D:12     | Noticed Lodul
 14513 | D:11     | Killed Lodul the human
 15017 | Lair:1   | Entered Level 1 of the Lair of Beasts
 15862 | Lair:1   | Reached XP level 13. HP: 72/79 MP: 21/21
 16315 | Lair:1   | Learned a level 5 spell: Summon Forest
 16322 | Lair:1   | Learned a level 6 spell: Summon Cactus Giant
 16420 | Lair:2   | Reached skill level 10 in Stealth
 17038 | Lair:2   | Noticed Maggie
 17055 | Lair:2   | Killed Maggie
 17768 | Lair:2   | Found a staircase to the Shoals.
 19190 | Lair:3   | Reached skill level 5 in Translocations
 19234 | Lair:3   | Found a hole to the Spider Nest.
 19345 | Lair:3   | Reached ****** piety under Hepliaklqana
 19801 | D:13     | Reached skill level 10 in Summonings
 19811 | D:13     | Reached XP level 14. HP: 62/85 MP: 13/23
 19961 | D:13     | Found a gate leading to a gauntlet.
 19977 | Gauntlet | Entered a Gauntlet
 19977 | Gauntlet | Found a transporter.
 19984 | Gauntlet | Found a runed translucent door.
 19986 | Gauntlet | Found a transporter.
 19987 | Gauntlet | Found a transporter.
 19991 | Gauntlet | Found a transporter.
 19992 | Gauntlet | Found a transporter.
 19994 | Gauntlet | Found a transporter.
 20000 | Gauntlet | Found a transporter.
 20001 | Gauntlet | Found a transporter.
 20028 | Gauntlet | Found a transporter.
 20028 | Gauntlet | Found a transporter.
 20028 | Gauntlet | Found a transporter.
 20036 | Gauntlet | Found a transporter.
 20130 | Gauntlet | Found a runed translucent door.
 20211 | Gauntlet | Identified the ring "Camukler" {Fly rF- rCorr Str+6}
 20665 | Orc:1    | Entered Level 1 of the Orcish Mines
 21230 | Orc:1    | Noticed Fannar
 21242 | Orc:1    | Killed Fannar
 21807 | Orc:2    | Entered Level 2 of the Orcish Mines
 21850 | Orc:2    | Paralysed by an orc sorcerer for 4 turns
 21968 | Orc:2    | Found a staircase to the Elven Halls.
 22309 | Orc:2    | Noticed Saint Roka
 22319 | Orc:2    | Found Vibberure's Antique Weapon Boutique.
 22319 | Orc:2    | Found Mestroq's Distillery.
 22320 | Orc:2    | Found Ycazusit's Book Boutique.
 22882 | Orc:2    | Killed Saint Roka
 24710 | Orc:2    | Found Ufehiyteth's Armour Shop.
 24741 | Orc:2    | Bought a potion of haste for 150 gold pieces
 24741 | Orc:2    | Bought a potion of heal wounds for 75 gold pieces
 24741 | Orc:2    | Bought a potion of resistance for 150 gold pieces
 24741 | Orc:2    | Bought a potion of enlightenment for 75 gold pieces
 25109 | D:13     | Reached XP level 15. HP: 83/90 MP: 4/25
 25646 | D:13     | Found a runed translucent door.
 25646 | D:13     | Noticed Erutecwi's ghost (journeyman GrEE)
 26683 | D:14     | Identified the +1 buckler of Aziaz {rF+ rC+ rN+ Int-2}
 27056 | D:14     | Found a runed translucent door.
 27059 | D:14     | Identified the +5 spear of Slime {flame, Str+3 Int+2
                  | Stlth+}
 27059 | D:14     | Noticed Ogass's ghost (journeyman GrEE)
 27103 | D:14     | Found a gate to the Vaults.
 27565 | D:14     | Killed Ogass's ghost
 27838 | D:15     | Entered Level 15 of the Dungeon
 28407 | D:15     | Found Wuthroso's Armour Shop.
 29512 | D:15     | Found a staircase to the Depths.
 29645 | D:15     | Identified the +9 flail "Jekkager" {freeze, Str+3}
 29807 | Lair:4   | Reached XP level 16. HP: 98/98 MP: 19/28
 30155 | Lair:4   | Found the ring of the Mage {Wiz Archmagi}
 31032 | Lair:4   | Identified the +6 scale mail of Misanthropy {rC++ rN+ rCorr
                  | Int-4}
 31331 | Lair:5   | Entered Level 5 of the Lair of Beasts
 31339 | Lair:5   | Reached skill level 10 in Fighting
 31722 | Lair:5   | Noticed Sonja
 31745 | Lair:5   | Sonja changed into Sonja the acid dragon
 31745 | Lair:5   | Noticed Sonja
 31750 | Lair:5   | Killed Sonja the acid dragon
 31963 | Lair:5   | Found a runed translucent door.
 31965 | Lair:5   | Found a viscous altar of Jiyva.
 31967 | Lair:5   | Found a staircase to the Slime Pits.
 32238 | Lair:5   | Reached skill level 10 in Invocations
 32762 | Lair:5   | Identified the staff of cold "Vanerch" {rC+ Str+6}
 32785 | Lair:5   | Identified the amulet "Isuraur" {Reflect rCorr SH+5}
 33008 | Lair:5   | Reached skill level 10 in Dodging
 33352 | Lair:5   | Found a corrupted altar of Lugonu.
 33494 | Lair:5   | Found a one-way gate to the infinite horrors of the Abyss.
 34171 | Spider:1 | Entered Level 1 of the Spider Nest
 34185 | Lair:3   | Reached skill level 10 in Unarmed Combat
 34332 | Spider:1 | Reached skill level 10 in Evocations
 34967 | Spider:1 | Reached skill level 1 in Short Blades
 35228 | Spider:1 | Reached XP level 17. HP: 104/104 MP: 9/29
 36483 | Spider:1 | Learned a level 7 spell: Malign Gateway
 36487 | Spider:1 | Learned a level 3 spell: Vhi's Electric Charge
 36928 | Spider:2 | Found a frozen archway.
 36985 | IceCv    | Entered an ice cave
 37032 | IceCv    | Slain by a caustic shrike simulacrum

Illustrated notes

Levels and vault maps discovered:
D:1:      wander_arrival_desolate, layout_loops_ring, minivault_5
D:2:      layout_basic, serial_undead, serial_undead_f, serial_undead_b,
          serial_undead_a, serial_undead_f, basic_altar,
          nicolae_underground_beach
D:3:      layout_rooms, cheibriados_altar_1,
          hellmonk_ecumenical_altar_crossroads, grunt_ministairs_11,
          minmay_fractal_squares_gapless_5, uniq_robin, uniq_crazy_yiuf_cottage
D:4:      layout_basic, mainiacjoe_overflow_small_starburst, minmay_cupped
D:5:      layout_loops_ring, minmay_temple_entry_proselytizer, serial_shops,
          shop, nicolae_shop_gadgets, uniq_menkaure, uniq_ijyb, uniq_sigmund,
          uniq_eustachio
D:6:      layout_rooms, minmay_misc_feat_roman
D:7:      layout_loops_cross, serial_shops, kennysheep_mini_moat,
          nicolae_shop_pleasant_corner_grove, nicolae_stop_n_shop_2,
          nicolae_diamond_shop, uniq_duvessa
D:8:      layout_basic, minmay_microvault
D:9:      layout_grid_maze, erik_orc_3, onia_ninara_cookie, uniq_erica
D:10:     cheibrodos_shockbox, layout_irregular_city, grunt_gozag_statues
D:11:     layout_layer_cave, david_lair_generic,
          hellmonk_guarded_unrand_dark_maul
D:12:     layout_cross, nicolae_benzene_ring, uniq_psyche, uniq_urug, uniq_lodul
D:13:     layout_basic, gauntlet_entry_generic, hellmonk_ghost_happy_afterlife,
          chequers_serial_rivers_room_a, minmay_lindwurm_lava
D:14:     layout_basic, david_vaults_4, ebering_ghost_funeral_grove,
          serial_bayou_pond_b
D:15:     grunt_enter_depths_snipers, layout_basic, serial_shops, shop,
          grunt_ministairs_10, skrybe_limestone_x, dispersion_dpeg
Temple:   nicolae_temple_bog_church
Lair:1:   layout_gridlike, serial_bayou_crossing, grunt_megastairs_5
Lair:2:   layout_small_grid, minmay_shoals_entry_beasts,
          infiniplex_staircase_pool, lemuel_fruit_tree, grunt_megastairs_4,
          uniq_maggie
Lair:3:   layout_misc_corridors, nicolae_spider_entry_lesser_pyramids,
          minivault_25, serial_bayou_shore_a, grunt_megastairs_2,
          serial_bayou_shore_b
Lair:4:   layout_regular_city, gammafunk_lair_bear_cave
Lair:5:   hellmonk_lair_end_abyssal_woods, layout_gridlike, slime_entry_2,
          grunt_megastairs_3, uniq_sonja
Spider:1: layout_spider_delve, nicolae_spider_circle_web
Spider:2: layout_chambers, portal_ice_cave_entry_pillars_1,
          nicolae_spider_world_wide_web
Orc:1:    layout_caves, uniq_fannar
Orc:2:    st_orc_pillars, layout_caves, uniq_saint_roka
IceCv:    ice_cave_statue_garden_chambered

Skill      XL: |  1  2  3  4  5  6  7  8  9 10 11 12 13 14 15 16 17 |
---------------+----------------------------------------------------+-----
Stealth        | 1 2 3 4 5 6 7 8 9 10 11 12 13 | 13.9
Spellcasting   | 1 2 3 4 5 6 7 8 |  8.8
Ice Magic      | 1 2 3 4 5 6 7 8 9 |  9.5
Evocations     | 1 2 3 4 5 6 7 8 9 10 | 10.3
Fighting       | 4 5 6 7 8 9 10 | 10.7
Dodging        | 4 5 6 7 8 9 10 | 10.3
Summonings     | 1 2 4 5 6 8 9 10 12 13 | 13.1
Unarmed Combat | 4 5 6 7 8 9 10 | 10.3
Invocations    | 3 5 6 7 8 9 10 | 10.6
Translocations | 3 5 6 7 |  7.9
Short Blades   | 1 2 |  2.2
Transmutations | |  0.8

Action                     |  1- 3 |  4- 6 |  7- 9 | 10-12 | 13-15 | 16-18 || total
---------------------------+-------+-------+-------+-------+-------+-------++-------
  Melee: Unarmed           |    40 |   197 |   191 |   252 |   250 |   139 ||  1069
         Constrict         |    12 |    50 |    39 |    52 |    63 |    19 ||   235
         Tentacles         |     5 |    48 |    62 |    98 |    99 |    58 ||   370
         Punch             |     1 |     9 |    11 |    29 |    37 |    25 ||   112
   Fire: Sling             |    19 |     6 |    18 |       |       |       ||    43
  Throw: Dart              |       |       |       |    26 |    12 |       ||    38
   Cast: Summon Small Mamm |       |     1 |    11 |       |     5 |       ||    17
         Frozen Ramparts   |       |       |     2 |    45 |    17 |     2 ||    66
         Summon Ice Beast  |       |       |       |    35 |    76 |    23 ||   134
         Call Canine Famil |       |       |       |    15 |    48 |    19 ||    82
         Summon Forest     |       |       |       |       |    76 |    47 ||   123
         Summon Cactus Gia |       |       |       |       |    35 |    41 ||    76
         Malign Gateway    |       |       |       |       |       |     4 ||     4
 Invoke: Ancestor Life: Kn |       |       |     1 |       |       |       ||     1
         Recall Ancestor   |       |       |     7 |    12 |     9 |     2 ||    30
         Transference      |       |       |       |       |     2 |     1 ||     3
         Idealise          |       |       |       |       |     1 |     1 ||     2
  Evoke: Wand              |       |     4 |     4 |    18 |    11 |     8 ||    45
    Use: Scroll            |       |     5 |     4 |     8 |    16 |     3 ||    36
         Potion            |       |     3 |     1 |     2 |     6 |     2 ||    14
   Stab: Sleeping          |       |    11 |     5 |     3 |     1 |     2 ||    22
         Distracted        |       |     1 |       |     1 |     3 |     5 ||    10
         Petrified         |       |       |       |       |     3 |       ||     3
 Armour: Skin              |     2 |     6 |     4 |    13 |    33 |    26 ||    84
  Dodge: Dodged            |    41 |   163 |   181 |   229 |   353 |   239 ||  1206
  Block: Orb               |       |       |       |       |       |    32 ||    32

Table legend: (Time is in decaauts)
 A = Elapsed time spent in this place.
 B = Non-inter-level travel time spent in this place.
 C = Inter-level travel time spent in this place.
 D = Time resting spent in this place.
 E = Time spent auto-exploring this place.
 F = Levels seen in this place.
 G = Mean time per level.
                   A        B        C        D        E       F      G
               +--------+--------+--------+--------+--------+-----+--------+
         Total |  36981 |  35095 |   1886 |   8989 |  18382 |  27 | 1369.7 |
       Dungeon |  20497 |  19284 |   1213 |   5019 |   9924 |  15 | 1366.5 |
        Temple |    206 |    168 |     38 |     38 |    109 |   1 |  206.0 |
          Lair |   9447 |   8982 |    465 |   1911 |   5452 |   5 | 1889.4 |
   Spider Nest |   2328 |   2306 |     22 |    655 |   1051 |   2 | 1164.0 |
  Orcish Mines |   3866 |   3718 |    148 |   1203 |   1608 |   2 | 1933.0 |
      Ice Cave |     46 |     46 |      0 |      0 |      0 |   1 |   46.0 |
      Gauntlet |    587 |    587 |      0 |    163 |    238 |   1 |  587.0 |
               +--------+--------+--------+--------+--------+-----+--------+

Top non-repeatable levels by time:
     D:9: 2462 daAuts
  Lair:5: 2377 daAuts
   Orc:2: 2164 daAuts
Spider:1: 2141 daAuts
  Lair:2: 1928 daAuts
    D:15: 1853 daAuts
  Lair:4: 1816 daAuts
    D:11: 1784 daAuts
  Lair:3: 1734 daAuts
    D:14: 1725 daAuts
   Orc:1: 1702 daAuts
     D:5: 1630 daAuts
  Lair:1: 1590 daAuts
    D:13: 1416 daAuts
     D:8: 1272 daAuts
